 Dungeon Crawl Stone Soup version 0.31-a0-236-g9a0961fb85 (webtiles) character file.

Game seed: 13786375244789959271

191 qw the Shooter (level 5, 0/45 HPs)
             Began as a Minotaur Hexslinger on July 10, 2023.
             Succumbed to a scorpion's poison
             ... on level 4 of the Dungeon.
             The game lasted 00:01:12 (2942 turns).

qw the Shooter (Minotaur Hexslinger)                Turns: 2942, Time: 00:01:12

Health: 0/45       AC:  6    Str: 13    XL:     5   Next: 42%
Magic:  5/5        EV: 11    Int: 10    God:
Gold:   214        SH:  4    Dex: 14    Spells: 5/6 levels left

rFire   . . .        Y - +2 sling
rCold   . . .        (no shield)
rNeg    . . .        d - +0 ring mail
rPois   +            (helmet restricted)
rElec   .            g - +0 cloak
rCorr   .            (no gloves)
SInv    .            (no boots)
Will    .....        (no amulet)
Stlth   +            (no ring)
HPRegen 0.27/turn    (no ring)
MPRegen 0.09/turn

%: no passive effects
@: lethally poisoned (0 -> -3)
A: horns 2, retaliatory headbutt, large bone plates 1, poison resistance,
evolution 1
a: no special abilities


You were on level 4 of the Dungeon.
You visited 1 branch of the dungeon, and saw 4 of its levels.

You collected 214 gold pieces.


Innate Abilities, Weirdness & Mutations

You have a pair of horns on your head.
You reflexively headbutt those who attack you in melee.
You are partially covered in large bone plates. (SH +4)
Your system is resistant to poisons. (rPois)
You have hidden genetic potential.


   Skills:
 - Level 3.5 Fighting
 + Level 5.2 Ranged Weapons
 - Level 1.2 Armour
 - Level 2.1 Dodging
 - Level 1.0 Spellcasting
 - Level 2.0 Hexes


You had 5 spell levels left.
You knew the following spells:

 Your Spells              Type           Power      Damage    Failure   Level
a - Slow                  Hex            16%        N/A       32%         1

Your spell library contained the following spells:

 Spells                   Type           Power      Damage    Failure   Level
 Inner Flame              Hex/Fire       2%         N/A       82%         3
 Portal Projectile        Hex/Tloc       4%         N/A       82%         3
 Cause Fear               Hex            2%         N/A       97%         4

Inventory:

Hand Weapons
 Y - a +2 sling (weapon)
Armour
 d - a +0 ring mail (worn)
 f - a +0 pair of gloves
 g - a +0 cloak (worn)
Scrolls
 a - 2 scrolls of identify
 h - a scroll of teleportation {unknown}
Potions
 b - a potion of mutation
 c - 2 potions of curing {unknown}
 e - a potion of enlightenment

Dungeon Overview and Level Annotations

Branches:
Dungeon (4/15)
 Temple: D:4-7

Altars:
Vehumet

Annotations:
D:3 1 runed translucent door, Crazy Yiuf


Message History

You shoot a sling bullet. The sling bullet hits the scorpion.
The scorpion is severely wounded.
You feel sick.
The scorpion stings you but does no damage.
You shoot a sling bullet.
The sling bullet barely misses the scorpion.
You feel sick. The scorpion stings you. The scorpion completely misses you.
You shoot a sling bullet.
The sling bullet barely misses the scorpion.
You feel sick. The scorpion stings you.
You shoot a sling bullet.
The sling bullet hits the scorpion but does no damage.
The scorpion is severely wounded.
You feel sick. The scorpion stings you.
You are more poisoned.
The scorpion poisons you!
The scorpion stings you but does no damage.
You shoot a sling bullet.
The sling bullet hits the scorpion but does no damage.
The scorpion is severely wounded.
You feel very sick.
The scorpion stings you but does no damage.
You shoot a sling bullet. The sling bullet hits the scorpion.
The scorpion is almost dead.
You feel very sick.
The scorpion stings you but does no damage.
The scorpion completely misses you.
You shoot a sling bullet.
The sling bullet hits the scorpion but does no damage.
The scorpion is almost dead.
You feel sick. The scorpion barely misses you.
You shoot a sling bullet. The sling bullet hits the scorpion.
The scorpion is almost dead.
You feel sick.
The scorpion stings you but does no damage.
The scorpion stings you.
You shoot a sling bullet.
The sling bullet hits the scorpion but does no damage.
The scorpion is almost dead.
You die...

######### #.......#
#.......#
#.......###############
#.....................##
#.......#############..#
#....)..# ##.. #####...#
### ###@# ## #s.# #.
##.# ##. .# ##.. .# #..#
.# #.## .. ###.## #.
##...## #..####


You could see a scorpion.

Vanquished Creatures
  A sleepcap (D:4)
  3 gnolls
  5 adders
  A dart slug (D:1)
  4 orcs
  8 endoplasms
  5 giant cockroaches
  7 goblins
  9 hobgoblins
  7 jackals
  A quokka (D:1)
  4 ball pythons
  6 bats
  5 frilled lizards (D:1)
  8 kobolds
  5 rats
79 creatures vanquished.

Notes
Turn   | Place    | Note
-------+----------+-------------------------------------------
     0 | D:1      | qw the Minotaur Hexslinger began the quest for the Orb.
     0 | D:1      | Reached XP level 1. HP: 16/16 MP: 1/1
     0 | D:1      | 0 ||| qw: Version: 0.3-a-52-g30416fa
     0 | D:1      | 0 ||| qw: Game counter: 4789
     0 | D:1      | 0 ||| qw: Melee chars always use a shield: true
     0 | D:1      | 0 ||| qw: God list: Okawaru
     0 | D:1      | 0 ||| qw: Allow faded altars: false
     0 | D:1      | 0 ||| qw: Do Orc after clearing Dungeon:15 true
     0 | D:1      | 0 ||| qw: Do second Lair branch before Depths: true
     0 | D:1      | 0 ||| qw: Lair rune preference: random
     0 | D:1      | 0 ||| qw: Goals: Normal
     0 | D:1      | 0 ||| PLANNING D:1-11
    73 | D:1      | Reached skill level 3 in Ranged Weapons
    73 | D:1      | Reached XP level 2. HP: 14/23 MP: 2/2
   439 | D:1      | Reached XP level 3. HP: 29/29 MP: 3/3
   633 | D:1      | HP: 7/29 [jackal (2)]
   636 | D:1      | Reached skill level 4 in Ranged Weapons
   839 | D:1      | 839 ||| UPGRADING to +0 leather armour.
   849 | D:1      | 849 ||| DROPPING +0 robe.
   850 | D:1      | 850 ||| READING 3 scrolls labelled YNOWARONKEI.
   851 | D:1      | 851 ||| READING scroll labelled OMUG GOISKA.
   852 | D:1      | 852 ||| READING scroll labelled WEUB RAYVVO.
   853 | D:1      | 853 ||| DROPPING scroll of poison.
  1125 | D:2      | Found a radiant altar of Vehumet.
  1202 | D:2      | Reached XP level 4. HP: 36/36 MP: 4/4
  1575 | D:2      | 1575 ||| UPGRADING to +0 ring mail.
  1585 | D:2      | 1585 ||| DROPPING +0 leather armour.
  1586 | D:2      | 1586 ||| READING scroll labelled FIPAZO RIUT.
  1587 | D:2      | 1587 ||| DRINKING 2 fuming sapphire potions.
  1588 | D:2      | 1588 ||| READING 2 scrolls of identify.
  1588 | D:2      | 1588 ||| IDENTIFYING silvery potion
  1589 | D:2      | 1589 ||| DROPPING potion of attraction.
  1764 | D:3      | Reached skill level 1 in Armour
  1886 | D:3      | Found a runed translucent door.
  1887 | D:3      | Noticed Crazy Yiuf
  1946 | D:3      | Found a faded altar of an unknown god.
  2288 | D:3      | 2288 ||| UPGRADING to +0 cloak.
  2293 | D:3      | 2293 ||| READING scroll labelled ORULAL BOAJAU.
  2294 | D:3      | 2294 ||| READING scroll labelled SYFUJ SYS QEOS.
  2295 | D:3      | 2295 ||| DRINKING 2 dark potions.
  2295 | D:3      | Gained mutation: Your system is resistant to poisons.
                  | (rPois) [potion of mutation]
  2295 | D:3      | Gained mutation: You have hidden genetic potential. [potion
                  | of mutation]
  2374 | D:4      | Reached skill level 5 in Ranged Weapons
  2382 | D:4      | 2382 ||| FLEEEEING.
  2383 | D:4      | 2383 ||| FLEEEEING.
  2384 | D:4      | 2384 ||| FLEEEEING.
  2385 | D:4      | 2385 ||| FLEEEEING.
  2386 | D:4      | 2386 ||| FLEEEEING.
  2387 | D:4      | 2387 ||| FLEEEEING.
  2388 | D:4      | 2388 ||| FLEEEEING.
  2389 | D:4      | 2389 ||| STAIRDANCE
  2540 | D:4      | 2540 ||| STAIRDANCE
  2546 | D:3      | Reached XP level 5. HP: 39/44 MP: 5/5
  2698 | D:4      | Reached skill level 3 in Fighting
  2727 | D:4      | Gained mutation: You are partially covered in large bone
                  | plates. (SH +4) [hidden potential]
  2939 | D:4      | HP: 9/45 [poisoned by a scorpion]
  2941 | D:4      | HP: 1/45 [scorpion (6)]
  2942 | D:4      | Succumbed to a scorpion's poison

Levels and vault maps discovered:
D:1:      zaba_arrival_water, layout_loops_ring
D:2:      layout_loops_ring, basic_altar
D:3:      layout_rooms, shapermc_ecumenical_altar_gd, minmay_circle_x,
          uniq_crazy_yiuf_cottage
D:4:      dreamdust_elfheim, layout_rooms, uniq_menkaure

Skill      XL: |  1  2  3  4  5 |
---------------+----------------+-----
Ranged Weapons | 3 4 5 |  5.2
Fighting       | 2 3 |  3.5
Armour         | 1 |  1.2
Dodging        | |  2.1
Spellcasting   | |  1.0
Hexes          | |  2.0

Action                     |  1- 3 |  4- 6 || total
---------------------------+-------+-------++-------
   Fire: Sling             |   128 |   143 ||   271
    Use: Scroll            |     3 |     4 ||     7
         Potion            |       |     2 ||     2
 Armour: Robe              |     9 |       ||     9
         Leather armour    |     6 |     2 ||     8
         Ring mail         |       |    25 ||    25
  Dodge: Dodged            |    52 |    49 ||   101
  Block: Other             |       |     2 ||     2

Table legend:
 A = Non-vault XP
 B = Vault XP
 C = Vault XP percentage of total XP
 D = Non-vault monster count
 E = Vault monster count
 F = Vault count percentage of total count
                 A         B        C        D         E       F
            +---------+---------+-------+---------+---------+-------
      Total |     250 |      24 |   8.8 |      73 |       6 |   7.6
            +---------+---------+-------+---------+---------+-------
        D:1 |      62 |       0 |   0.0 |      37 |       0 |   0.0
        D:2 |      53 |       0 |   0.0 |      10 |       0 |   0.0
        D:3 |      25 |      24 |  49.0 |       8 |       6 |  42.9
        D:4 |     110 |       0 |   0.0 |      18 |       0 |   0.0
            +---------+---------+-------+---------+---------+-------
